 Dungeon Crawl Stone Soup version 0.22.1-1-ga44c0e5 (webtiles) character file.

2779 HaraKiri the Protected (level 9, -15/70 HPs)
             Began as a Minotaur Abyssal Knight on Oct 13, 2018.
             Was an Elder of Lugonu.
             Demolished by Harold
             ... wielding a +0 dire flail of protection
              (18 damage)
             ... on level 7 of the Dungeon.
             The game lasted 00:26:43 (7939 turns).

HaraKiri the Protected (Minotaur Abyssal Knight)    Turns: 7939, Time: 00:26:44

Health: -15/70     AC: 17    Str: 20    XL:     9   Next: 42%
Magic:  9/9        EV: 11    Int:  9    God:    Lugonu [****..]
Gold:   362        SH:  7    Dex: 10    Spells: 8/8 levels left

rFire    . . .     SeeInvis +   a - +1 hand axe
rCold    . . .     Gourm    +   v - +2 buckler
rNeg     . . .     Faith    .   i - +4 ring mail
rPois    .         Spirit   .   (helmet restricted)
rElec    .         Reflect  .   (no cloak)
rCorr    .         Harm     .   (no gloves)
MR       .....                  l - +1 pair of boots
Stlth    ..........             A - amulet of the gourmand
HPRegen  0.21/turn              f - +4 ring of protection
MPRegen  0.11/turn              C - ring of see invisible

@: marked
A: retaliatory headbutt, horns 2
a: Depart the Abyss, Bend Space, Banish, Corrupt, Renounce Religion


You were on level 7 of the Dungeon.
You worshipped Lugonu.
Lugonu was greatly pleased with you.
You were completely stuffed.

You visited 1 branch of the dungeon, and saw 8 of its levels.
You visited the Abyss 1 time.

You collected 362 gold pieces.

Inventory:

Hand Weapons
 a - a +1 hand axe (weapon)
 n - a +0 war axe
 p - a +0 hunting sling
 x - a +0 war axe
 D - a +0 war axe
Missiles
 q - 87 stones (quivered)
Armour
 i - a +4 ring mail (worn)
 l - a +1 pair of boots (worn)
 m - a +0 ring mail
 v - a +2 buckler (worn)
 w - a +0 shield
 z - a +0 scale mail
 E - a +0 plate armour
 M - the +2 leather armour of Ivecuv {rF++ MR+ Dex-3}
   (You took it off an orc warrior on level 7 of the Dungeon)

   It affects your dexterity (-3).
   It greatly protects you from fire.
   It affects your resistance to hostile enchantments.
Jewellery
 f - a +4 ring of protection (left hand)
 A - an amulet of the gourmand (around neck)
 C - a ring of see invisible (right hand)
 G - an uncursed ring of flight
Wands
 u - a wand of random effects (23)
 I - a wand of digging (13)
 K - a wand of polymorph (9)
Scrolls
 d - a scroll of noise {unknown}
 e - 6 scrolls of identify
 g - 4 scrolls of teleportation {unknown}
 h - a scroll of fear {unknown}
 j - 5 scrolls of remove curse {unknown}
 k - a scroll of random uselessness {unknown}
 o - 2 scrolls of amnesia {unknown}
 t - a scroll of magic mapping {unknown}
 y - 4 scrolls of enchant armour {unknown}
 F - a scroll of acquirement {unknown}
Potions
 r - a potion of agility
 s - a potion of flight {unknown}
 B - a potion of invisibility {unknown}
 H - a potion of heal wounds {unknown}
 J - a potion of lignification {unknown}
Comestibles
 c - 12 rations
 L - 7 chunks of flesh


   Skills:
 - Level 3.6 Fighting
 + Level 9.7 Axes
 + Level 9.7 Armour
 - Level 1.1 Dodging
 + Level 7.9 Shields
 - Level 1.7 Invocations


You had 8 spell levels left.
You didn't know any spells.
Your spell library contained the following spells:

 Spells                   Type           Power        Failure   Level  Hunger
 Shock                    Conj/Air       #...         52%         1    ##.....
 Swiftness                Chrm/Air       #.......     67%         2    ###....
 Throw Frost              Conj/Ice       #.....       67%         2    ###....
 Static Discharge         Conj/Air       #.......     88%         3    ####...
 Airstrike                Air            #.........   99%         4    #####..
 Summon Ice Beast         Ice/Summ       #.......     99%         4    #####..
 Lightning Bolt           Conj/Air       #.........   100%        5    ######.
 Simulacrum               Ice/Necr       #.........   100%        6    #######


Dungeon Overview and Level Annotations

Branches:
Dungeon (8/15)             Temple (0/1) D:6
   Lair: D:8-11

Altars:
Dithmenos
Gozag
Okawaru
Qazlal
Sif Muna
Trog
Wu Jian
Xom
Yredelemnul
Zin

Annotations:
D:7 Harold


Innate Abilities, Weirdness & Mutations

You reflexively headbutt those who attack you in melee.
You have a pair of horns on your head.


Message History

Harold is almost dead.
Harold casts a spell at you. The mark upon you grows brighter.
You hit Harold.
Harold is almost dead.
Your ring mail prevents you from hitting Harold.
You headbutt Harold, but do no damage.
Harold is almost dead.
Harold points at you and mumbles some strange words.
The mark upon you grows brighter.
You hit Harold but do no damage.
Harold is almost dead.
Harold hits you but does no damage.
You hit Harold but do no damage. Your headbutt misses Harold.
Harold is almost dead.
You block Harold's attack.
You barely miss Harold.
Harold is almost dead.
Harold hits you with a dire flail of protection!!
You die...

###..## ### ###..<..###
############
###.........##########...........
#.................)..............
.........(.......################
.................[##
.................)>#
#............_§.@..##
#............§§§@...#
#.............§.(...#
##.............§....#
#..................#
##..............)(..#
#..................##
..####...........### .##
############# ..# ### #


You could see Harold.

Vanquished Creatures
  A hungry ghost (D:7)
  A black bear (D:6)
  3 orc warriors
  An ice beast (D:5)
  2 sky beasts
  2 ogres
  2 phantoms
  A centaur (D:7)
  3 bullfrogs
  A water moccasin skeleton (D:8)
  4 wights (D:7)
  A howler monkey (D:6)
  3 crimson imps
  4 jellies
  3 orc priests
  6 hounds
  6 orc wizards
  A bullfrog skeleton (D:8)
  6 worker ants
  A hound zombie (D:7)
  A hound skeleton (D:8)
  2 worker ant zombies
  4 gnolls (D:7)
  8 adders
  2 oozes
  An adder zombie (D:6)
  A worm (D:2)
  3 dart slugs
  A leopard gecko (D:4)
  33 orcs
  6 giant cockroaches
  2 gnoll zombies (D:6)
  4 goblins (D:1)
  3 hobgoblins
  4 jackals (D:8)
  8 kobolds
  4 quokkas
  6 bats
  4 frilled lizards
  A leopard gecko skeleton (D:7)
  A quokka skeleton (D:4)
  2 quokka zombies (D:5)
  12 rats
165 creatures vanquished.

Notes
Turn   | Place    | Note
-------+----------+-------------------------------------------
     0 | Abyss:1  | HaraKiri the Minotaur Abyssal Knight began the quest for
                  | the Orb.
     0 | Abyss:1  | Reached XP level 1. HP: 19/19 MP: 1/1
    12 | D:1      | Escaped the Abyss
    45 | D:1      | Reached XP level 2. HP: 18/26 MP: 2/2
    70 | D:1      | Reached * piety under Lugonu
   748 | D:1      | Reached XP level 3. HP: 29/31 MP: 3/3
  1213 | D:2      | Reached XP level 4. HP: 16/39 MP: 4/4
  1424 | D:2      | Found a stormy altar of Qazlal.
  1879 | D:3      | Found an ornate altar of the Wu Jian Council.
  2030 | D:3      | Reached ** piety under Lugonu
  2037 | D:3      | Reached XP level 5. HP: 11/45 MP: 5/5
  2396 | D:3      | Found a shimmering altar of Xom.
  2409 | D:3      | Reached skill level 5 in Axes
  2409 | D:3      | Reached skill level 5 in Armour
  3210 | D:4      | Found a deep blue altar of Sif Muna.
  3484 | D:4      | Found a glowing silver altar of Zin.
  3584 | D:4      | Identified the Compendium of Snow
  3986 | D:4      | Reached XP level 6. HP: 51/51 MP: 6/6
  3992 | D:4      | Reached skill level 1 in Shields
  4381 | D:5      | Entered Level 5 of the Dungeon
  4381 | D:5      | Noticed a sky beast
  4398 | D:4      | Killed a sky beast
  4535 | D:5      | Found an opulent altar of Gozag.
  4687 | D:5      | Reached XP level 7. HP: 56/57 MP: 7/7
  5459 | D:5      | Reached *** piety under Lugonu
  5730 | D:6      | Found a basalt altar of Yredelemnul.
  5797 | D:6      | Reached XP level 8. HP: 53/64 MP: 8/8
  5809 | D:6      | Reached skill level 5 in Shields
  5958 | D:6      | Found a staircase to the Ecumenical Temple.
  6368 | D:7      | Found a bloodstained altar of Trog.
  6369 | D:7      | Found an iron altar of Okawaru.
  6793 | D:7      | Found a shadowy altar of Dithmenos.
  6886 | D:7      | Reached XP level 9. HP: 65/70 MP: 9/9
  7011 | D:7      | Reached **** piety under Lugonu
  7529 | D:8      | Noticed Harold
  7532 | D:8      | Noticed a two-headed ogre
  7761 | D:7      | Got a twisted leather armour
  7775 | D:7      | Identified the +2 leather armour of Ivecuv {rF++ MR+ Dex-3}
                  | (You took it off an orc warrior on level 7 of the Dungeon)
  7932 | D:7      | HP: 1/70 [Harold/dire flail of protection (9)]
  7939 | D:7      | Demolished by Harold

Skill      XL: |  1  2  3  4  5  6  7  8  9 |
---------------+----------------------------+-----
Axes           | 3 4 5 6 7 8 9 |  9.7
Armour         | 3 4 5 6 7 9 |  9.7
Shields        | 3 4 6 7 |  7.9
Fighting       | |  3.6
Dodging        | |  1.1
Invocations    | |  1.7

Action                   |  1- 3 |  4- 6 |  7- 9 || total
-------------------------+-------+-------+-------++-------
Melee: Hand axe          |    74 |   163 |   406 ||   643
       Headbutt          |    13 |    29 |    72 ||   114
Invok: Depart the Abyss  |     1 |       |       ||     1
       Bend Space        |       |     1 |     2 ||     3
Evoke: Wand              |       |       |     1 ||     1
  Use: Potion            |       |     2 |     4 ||     6
       Scroll            |       |       |     1 ||     1
  Eat: Chunk             |     1 |    11 |    19 ||    31
       Ration            |       |       |     1 ||     1
Armor: Leather armour    |    19 |       |       ||    19
       Ring mail         |       |    73 |   128 ||   201
Dodge: Dodged            |    52 |    73 |   155 ||   280
Block: Buckler           |       |    13 |   120 ||   133
